 Dungeon Crawl Stone Soup version 0.28-a0-1616-g050a50673c (webtiles) character file.

Game seed: 12969237445617205082

215 issech the Cudgeller (level 5, -2/53 HPs)
             Began as a Troll Berserker on Jan 22, 2022.
             Was a Believer of Trog.
             Killed from afar by a steam dragon (17 damage)
             ... with a ball of steam
             ... on level 4 of the Dungeon on Jan 23, 2022.
             The game lasted 00:06:43 (2804 turns).

issech the Cudgeller (Troll Berserker)              Turns: 2804, Time: 00:06:44

Health: -2/53      AC:  4    Str: 25    XL:     5   Next: 60%
Magic:  4/4        EV: 10    Int:  3    God:    Trog [**....]
Gold:   144        SH:  0    Dex: 11    Spells: 4/4 levels left

rFire   . . .      SeeInvis .   a - +0 mace
rCold   . . .      Faith    .   (no shield)
rNeg    . . .      Spirit   .   b - +0 animal skin
rPois   .          Reflect  .   (helmet restricted)
rElec   .          Harm     .   (no cloak)
rCorr   .          Rampage  .   (gloves unavailable)
Will    .....                   (boots unavailable)
Stlth   +.........              (no amulet)
HPRegen 0.97/turn               (no ring)
MPRegen 0.09/turn               (no ring)

@: no status effects
A: large, unfitting armour, claws 3, regeneration 1, shaggy fur 1, tough skin 1
a: Renounce Religion, Berserk, Trog's Hand


You were on level 4 of the Dungeon.
You worshipped Trog.
Trog was pleased with you.
You visited 1 branch of the dungeon, and saw 4 of its levels.

You collected 144 gold pieces.

Inventory:

Hand Weapons
 a - a +0 mace (weapon)
 i - a +0 vorpal hand axe
 s - a +0 hunting sling
 u - a +0 shortbow
Missiles
 d - 45 stones (quivered)
 f - 45 sling bullets
 k - 51 arrows
 m - 4 poisoned darts
Armour
 b - a +0 animal skin (worn)
Scrolls
 e - a scroll of immolation {unknown}
 h - a scroll of fear {unknown}
 j - a scroll of silence {unknown}
 n - a scroll of teleportation {unknown}
 o - a scroll of enchant weapon {unknown}
 p - a scroll of vulnerability {unknown}
 q - a scroll of fog {unknown}
 r - a scroll of identify
 t - a scroll of magic mapping {unknown}
Potions
 c - a potion of resistance
 g - a potion of curing
 l - a potion of invisibility


   Skills:
 + Level 3.6 Fighting
 + Level 4.1 Maces & Flails
 + Level 3.3 Dodging
 + Level 0.5 Stealth


You had 4 spell levels left.
You didn't know any spells.
Your spell library contained the following spells:

 Spells                   Type           Power      Damage    Failure   Level
 Corpse Rot               Necr/Air       0%         N/A       67%         2
 Poisonous Vapours        Pois/Air       0%         N/A       67%         2
 Leda's Liquefaction      Hex/Erth       0%         N/A       99%         4
 Lee's Rapid Deconstruct  Erth           0%         3d5*      100%        5
 Statue Form              Tmut/Erth      0%         N/A       100%        6


Dungeon Overview and Level Annotations

Branches:
Dungeon (4/15)
 Temple: D:4-7

Altars:


Innate Abilities, Weirdness & Mutations

You are too large for most types of armour.
You have claws for hands.
Your natural rate of healing is unusually fast.
You are covered in fur. (AC +1)
You have tough skin. (AC +1)


Message History

You kill the hobgoblin!
Trog accepts your kill.
You see here a hobgoblin corpse.
Done exploring.
You see here a +0 club.
There is a stone staircase leading down here.
You climb downwards.
Found 36 gold pieces.
There is a stone staircase leading up here.
A hobgoblin comes into view.
Found a stone staircase leading up.
The hobgoblin shouts!
The hobgoblin hits you but does no damage.
You hit the hobgoblin.
The hobgoblin is severely wounded.
The hobgoblin barely misses you.
You barely miss the hobgoblin.
The hobgoblin is severely wounded.
The hobgoblin hits you but does no damage.
You barely miss the hobgoblin.
The hobgoblin is severely wounded.
The hobgoblin hits you.
You hit the hobgoblin.
You kill the hobgoblin!
Trog accepts your kill.
You now have 127 gold pieces (gained 19).
You now have 144 gold pieces (gained 17).
Found a stone staircase leading down.
A steam dragon comes into view.
The steam dragon hisses angrily.
The steam dragon breathes steam at you. The ball of steam hits you!!
The steam dragon breathes steam at you. The ball of steam hits you!!
The steam dragon breathes steam at you. The ball of steam hits you!!
* * * LOW HITPOINT WARNING * * *
The steam dragon breathes steam at you. The ball of steam hits you!
You die...

##############
..#####............#
.........D.§§@.....##
######.#########...####
#.# ##........ ## ##D##
##.......## ... #...#
##.........#
#.##...####.§....§....
#..<....§##.....§>...#
#........D..#.......##
##.......#####.....##


There were no monsters in sight!

Vanquished Creatures
  A centaur (D:3)
  A bullfrog skeleton (D:3)
  An orc wizard (D:3)
  3 adders
  A dart slug (D:1)
  8 orcs
  3 ball pythons (D:1)
  A bat (D:3)
  3 endoplasms
  2 giant cockroaches
  4 goblins
  7 hobgoblins
  4 jackals (D:2)
  2 quokkas (D:1)
  A frilled lizard (D:1)
  8 kobolds
  A rat (D:2)
51 creatures vanquished.

Notes
Turn   | Place    | Note
-------+----------+-------------------------------------------
     0 | D:1      | issech the Troll Berserker began the quest for the Orb.
     0 | D:1      | Reached XP level 1. HP: 22/22 MP: 0/0
   223 | D:1      | Reached XP level 2. HP: 27/29 MP: 1/1
   321 | D:1      | Found a faded altar of an unknown god.
   542 | D:1      | Reached skill level 3 in Maces & Flails
  1114 | D:2      | Reached XP level 3. HP: 26/36 MP: 2/2
  1318 | D:2      | Reached ** piety under Trog
  1659 | D:3      | Reached XP level 4. HP: 39/45 MP: 3/3
  2242 | D:3      | Reached XP level 5. HP: 53/53 MP: 4/4
  2335 | D:3      | Noticed a centaur
  2343 | D:3      | Killed a centaur
  2344 | D:3      | Reached skill level 4 in Maces & Flails
  2781 | D:4      | Noticed a steam dragon
  2804 | D:4      | Killed from afar by a steam dragon

Illustrated notes

Levels and vault maps discovered:
D:1:      minmay_arrival_solitary_statue, layout_loops_corners,
          shapermc_ecumenical_altar_notcrosses, chequers_big_river
D:2:      layout_rooms, nrook_campfire
D:3:      layout_basic
D:4:      black_bear_nest_2, layout_loops_ring, minmay_liquid_box

Skill      XL: |  1  2  3  4  5 |
---------------+----------------+-----
Maces & Flails | 3 4 |  4.1
Fighting       | 3 |  3.6
Dodging        | 3 |  3.3
Stealth        | |  0.5

Action                   |  1- 3 |  4- 6 || total
-------------------------+-------+-------++-------
Melee: Mace              |   116 |    52 ||   168
       Punch             |     1 |     1 ||     2
Invok: Berserk           |       |     1 ||     1
  Use: Scroll            |     2 |     1 ||     3
Armor: Animal skin       |    37 |    25 ||    62
Dodge: Dodged            |    66 |    38 ||   104

Table legend: (Time is in decaauts)
 A = Elapsed time spent in this place.
 B = Non-inter-level travel time spent in this place.
 C = Inter-level travel time spent in this place.
 D = Time resting spent in this place.
 E = Time spent auto-exploring this place.
 F = Levels seen in this place.
 G = Mean time per level.
                   A        B        C        D        E       F      G
               +--------+--------+--------+--------+--------+-----+--------+
         Total |   2865 |   2792 |     73 |     39 |   1859 |   4 |  716.2 |
       Dungeon |   2865 |   2792 |     73 |     39 |   1859 |   4 |  716.2 |
               +--------+--------+--------+--------+--------+-----+--------+

Top non-repeatable levels by time:
     D:3: 1258 daAuts
     D:1: 1125 daAuts
     D:2: 428 daAuts
     D:4: 52 daAuts
